 Dungeon Crawl Stone Soup version 0.29-a0-323-g050149af67 (webtiles) character file.

Game seed: 14748948408293429371

230 zishaf the Shooter (level 6, -2/47 HPs)
             Began as a Human Hunter on Apr 11, 2022.
             Was a Priest of Uskayaw.
             Slain by a gnoll
             ... wielding a +0 flail
              (6 damage)
             ... on level 4 of the Dungeon.
             The game lasted 00:05:39 (2840 turns).

zishaf the Shooter (Human Hunter)                   Turns: 2840, Time: 00:05:39

Health: -2/47      AC:  4    Str: 17    XL:     6   Next: 24%
Magic:  7/7        EV: 13    Int: 10    God:    Uskayaw [***...]
Gold:   189        SH:  5    Dex: 30    Spells: 5/5 levels left

rFire   + . .      SeeInvis .   b - +12 dagger of Bodily Harmony {spect, rF+ Will++ Str+6}
rCold   . . .      Faith    .   (no shield)
rNeg    . . .      Spirit   .   y - +0 leather armour
rPois   .          Reflect  +   g - +0 helmet
rElec   .          Harm     .   (no cloak)
rCorr   .          Rampage  .   (no gloves)
Will    ++...                   (no boots)
Stlth   +++.......              w - amulet of reflection
HPRegen 0.15/turn               m - +6 ring of dexterity
MPRegen 0.10/turn               t - +6 ring of dexterity

@: no status effects
A: no striking features
a: Renounce Religion, Stomp, Line Pass


You were on level 4 of the Dungeon.
You worshipped Uskayaw.
Uskayaw was noncommittal.
You visited 1 branch of the dungeon, and saw 4 of its levels.

You collected 189 gold pieces.

Inventory:

Hand Weapons
 a - a +1 shortbow
 b - the +12 dagger of Bodily Harmony (weapon) {spect, rF+ Will++ Str+6}
   (You found it on level 3 of the Dungeon)

   When its wielder attacks, the weapon's spirit leaps out and strikes again.
   The spirit shares a part of any damage it takes with its wielder.
   Str:       It affects your strength (+6).
   rF:        It protects you from fire.
   Will:      It greatly increases your willpower.
Armour
 g - a +0 helmet (worn)
 y - a +0 leather armour (worn)
Jewellery
 d - a ring of see invisible
 k - a ring of poison resistance
 m - a +6 ring of dexterity (left hand)
 n - a ring of wizardry
 t - a +6 ring of dexterity (right hand)
 w - an amulet of reflection (around neck)
 z - an amulet of regeneration
Scrolls
 c - 2 scrolls of immolation
 e - 4 scrolls of fog {unknown}
 h - 2 scrolls of teleportation {unknown}
 i - a scroll of acquirement {unknown}
 j - a scroll of identify {unknown}
 l - 2 scrolls of enchant weapon {unknown}
 v - a scroll of enchant armour {unknown}
 x - a scroll of noise {unknown}
Potions
 f - 2 potions of lignification {unknown}
 o - 4 potions of magic {unknown}
 p - 2 potions of berserk rage {unknown}
 q - 2 potions of heal wounds {unknown}
 r - 4 potions of curing {unknown}
 s - a potion of attraction {unknown}
 u - a potion of brilliance {unknown}


   Skills:
 + Level 3.4 Fighting
 + Level 1.3 Short Blades
 + Level 5.5 Bows
 - Level 2.0 Dodging
 + Level 1.5 Stealth
 * Level 2.3 Invocations


You had 5 spell levels left.
You didn't know any spells.
Your spell library was empty.

Dungeon Overview and Level Annotations

Branches:
Dungeon (4/15)
 Temple: D:4-7

Altars:
Sif Muna
Uskayaw
Xom

Shops:
D:4 (


Message History

The arrow hits the gnoll shaman!
The gnoll shaman is almost dead.
You block the gnoll's attack.
The gnoll hits you from afar with a +0 spear.
You block the gnoll's attack. The gnoll hits you with a +0 flail!
You feel stronger.
You feel a bond with the +12 dagger of Bodily Harmony {spect, rF+ Will++ Str+6}.
b - the +12 dagger of Bodily Harmony (weapon)
{spect, rF+ Will++ Str+6} You hit the gnoll shaman but do no damage.
The gnoll shaman is almost dead.
Your +12 dagger of Bodily Harmony {spect, rF+ Will++ Str+6} closely misses the gnoll shaman.
The gnoll shaman calls upon its god to heal the gnoll.
The gnoll is healed somewhat.
You block the gnoll's attack. The gnoll closely misses you. x2
The gnoll hits you from afar with a +0 spear!
You hit the gnoll shaman.
You kill the gnoll shaman!
You block the gnoll's attack. The gnoll closely misses you.
The gnoll hits you with a +0 flail.
* * * LOW HITPOINT WARNING * * *
You block the gnoll's attack.
Uskayaw will force your foes to helplessly watch your dance.
Uskayaw prepares the audience for your solo!
The helpless gnoll fails to defend itself.
You impale the gnoll!!
You kill the gnoll!
The gnoll is no longer paralysed. x2
The gnoll hits you from afar with a +0 spear!
* * * LOW HITPOINT WARNING * * *
The gnoll hits you with a +0 flail.
* * * LOW HITPOINT WARNING * * *
You closely miss the gnoll.
Your +12 dagger of Bodily Harmony {spect, rF+ Will++ Str+6} hits the gnoll.
The gnoll is no longer paralysed.
The gnoll closely misses you. x2
The gnoll hits you but does no damage.
You hit the gnoll.
The gnoll is heavily wounded.
Your +12 dagger of Bodily Harmony {spect, rF+ Will++ Str+6} misses the gnoll.
The gnoll hits you with a +0 flail.
You die...

........# ##......#
≈##.....# ≈≈##....#
######### .≈≈#....#
#.......# #.≈##...#
#..?....# ##≈≈#...#
##.§.....# _#≈≈#...#
#..§g..... ##≈≈#...#
#.@§...... #.≈##†..#
#(g)g..... .≈≈#.(..#
##......... ≈≈##....##
#<......... ≈##..)...#
#..........
##.......#####..........
............##..........
###.#....##.##..########
###.#..###...##.#


You could see 3 gnolls and a friendly +12 dagger of Bodily Harmony {spect, rF+
Will++ Str+6} (summoned).

Vanquished Creatures
  A howler monkey (D:4)
  A hound (D:4)
  A gnoll shaman (D:4)
  An orc wizard (D:4)
  A gnoll (D:4)
  2 adders
  2 dart slugs
  4 orcs
  4 endoplasms
  7 giant cockroaches
  7 goblins
  9 hobgoblins
  2 quokkas
  6 ball pythons
  7 bats
  A frilled lizard (D:3)
  8 kobolds
  7 rats
71 creatures vanquished.

Notes
Turn   | Place    | Note
-------+----------+-------------------------------------------
     0 | D:1      | zishaf the Human Hunter began the quest for the Orb.
     0 | D:1      | Reached XP level 1. HP: 16/16 MP: 1/1
   203 | D:1      | Reached XP level 2. HP: 22/22 MP: 2/2
   473 | D:1      | Found a faded altar of an unknown god.
   878 | D:1      | Reached XP level 3. HP: 28/28 MP: 3/3
  1546 | D:2      | Reached XP level 4. HP: 34/34 MP: 4/4
  1556 | D:2      | Found a shimmering altar of Xom.
  1631 | D:2      | Reached skill level 5 in Bows
  2203 | D:3      | Identified the +12 dagger of Bodily Harmony {spect, rF+
                  | Will++ Str+6}
  2291 | D:3      | Found a hide-covered altar of Uskayaw.
  2381 | D:3      | Became a worshipper of Uskayaw the Reveller
  2439 | D:4      | Reached skill level 1 in Invocations
  2439 | D:4      | Reached XP level 5. HP: 35/41 MP: 5/5
  2474 | D:4      | Reached * piety under Uskayaw
  2669 | D:4      | Found a shimmering blue altar of Sif Muna.
  2674 | D:4      | Reached skill level 1 in Short Blades
  2799 | D:4      | Found Mathrimit's Weapon Emporium.
  2815 | D:4      | Reached XP level 6. HP: 47/47 MP: 7/7
  2830 | D:4      | Reached ** piety under Uskayaw
  2837 | D:4      | Reached *** piety under Uskayaw
  2840 | D:4      | Slain by a gnoll

Illustrated notes

Levels and vault maps discovered:
D:1:      shiori_shiawase, layout_basic, shapermc_ecumenical_altar_totnotflames,
          hangedman_decor_points
D:2:      layout_basic, basic_altar, serial_bayou_pond_d, minmay_unequal
D:3:      layout_basic, nicolae_overflow_crystal_walls
D:4:      layout_basic, kennysheep_orc_sif_temple, serial_shops,
          nicolae_shop_bloodbath_and_beyond

Skill      XL: |  1  2  3  4  5 |
---------------+----------------+-----
Bows           | 5 |  5.5
Fighting       | 3 |  3.4
Invocations    | 1 2 |  2.3
Short Blades   | 1 |  1.3
Dodging        | |  2.0
Stealth        | |  1.5

Action                   |  1- 3 |  4- 6 || total
-------------------------+-------+-------++-------
Melee: Dagger            |       |    23 ||    23
 Fire: Shortbow          |    84 |    43 ||   127
 Stab: Sleeping          |       |     2 ||     2
       Paralysed         |       |     1 ||     1
Armor: Leather armour    |    12 |     5 ||    17
Dodge: Dodged            |    14 |    20 ||    34
Block: Other             |       |     8 ||     8

Table legend: (Time is in decaauts)
 A = Elapsed time spent in this place.
 B = Non-inter-level travel time spent in this place.
 C = Inter-level travel time spent in this place.
 D = Time resting spent in this place.
 E = Time spent auto-exploring this place.
 F = Levels seen in this place.
 G = Mean time per level.
                   A        B        C        D        E       F      G
               +--------+--------+--------+--------+--------+-----+--------+
         Total |   2878 |   2837 |     41 |      0 |   2396 |   4 |  719.5 |
       Dungeon |   2878 |   2837 |     41 |      0 |   2396 |   4 |  719.5 |
               +--------+--------+--------+--------+--------+-----+--------+

Top non-repeatable levels by time:
     D:1: 1088 daAuts
     D:2: 781 daAuts
     D:3: 586 daAuts
     D:4: 422 daAuts
